 Dungeon Crawl Stone Soup version 0.31-a0-152-g6aa68a64a1 (webtiles) character file.

Game seed: 12079534789071909819

207 qw the Shooter (level 5, -4/45 (49) HPs)
             Began as a Naga Hunter on June 9, 2023.
             Slain by Duvessa
             ... wielding a +1 rapier of venom
              (9 damage)
             ... on level 4 of the Dungeon.
             The game lasted 00:01:03 (2462 turns).

qw the Shooter (Naga Hunter)                        Turns: 2462, Time: 00:01:03

HP:   -4/45 (49)    AC:  6    Str: 16      XL:     5   Next: 85%
MP:   5/5           EV:  9    Int:  8 (9)  God:
Gold: 117           SH:  5    Dex: 16      Spells: 4/4 levels left

rFire   . . .        Y - +1 shortbow
rCold   . . .        (shield currently unavailable)
rNeg    . . .        g - +0 leather armour of Itist {Str+2 Slay+2}
rPois   +            (no helmet)
rElec   .            (no cloak)
rCorr   .            e - +2 pair of gloves
SInv    +            (no barding)
Will    .....        f - amulet of reflection
Stlth   ++           (no ring)
HPRegen 0.27/turn    (no ring)
MPRegen 0.09/turn

%: reflection
@: about to teleport, drained, very slow
A: AC +1, large, see invisible, deformed body, poison resistance, slowness 2,
spit poison 1, naga tail 1
a: Spit Poison


You were on level 4 of the Dungeon.
You visited 1 branch of the dungeon, and saw 4 of its levels.

You collected 117 gold pieces.


Innate Abilities, Weirdness & Mutations

Your serpentine skin is tough. (AC +1)
You have supernaturally acute eyesight. (SInv)
Armour fits poorly on your strangely shaped body.
Your system is resistant to poisons. (rPois)
You cover ground very slowly.
You can spit poison.
You have a snake-like lower body.


   Skills:
 - Level 3.0 Fighting
 + Level 5.9 Ranged Weapons
 - Level 1.5 Dodging
 - Level 1.5 Stealth


You had 4 spell levels left.
You didn't know any spells.
Your spell library was empty.

Inventory:

Hand Weapons
 Y - a +1 shortbow (weapon)
Armour
 e - a +2 pair of gloves (worn)
 g - the +0 leather armour of Itist (worn) {Str+2 Slay+2}
   (You found it on level 3 of the Dungeon)

   Str:       It affects your strength (+2).
   Slay:      It affects your accuracy & damage with ranged weapons and melee
   (+2).
Jewellery
 f - an amulet of reflection (around neck)
Scrolls
 a - 2 scrolls of identify
Potions
 b - a potion of might

Dungeon Overview and Level Annotations

Branches:
Dungeon (4/15)
 Temple: D:4-7

Altars:
Vehumet

Annotations:
D:4 Dowan, Duvessa, Edmund


Message History

The hobgoblin hits you but does no damage.
Dowan gestures at Duvessa while chanting.
Duvessa seems to speed up.
You shoot an arrow. The arrow hits Edmund.
Edmund is heavily wounded.
Duvessa completely misses you. Edmund closely misses you.
You block the endoplasm's attack. You block the hobgoblin's attack.
You block Duvessa's attack. The endoplasm freezes you.
You are frozen.
The hobgoblin hits you. Edmund barely misses you. Dowan casts a spell at you.
The puff of flame hits you.
You shoot an arrow.
The arrow hits Edmund but does no damage.
Edmund is heavily wounded.
You block Duvessa's attack. Duvessa barely misses you.
Edmund closely misses you. The endoplasm closely misses you.
Dowan hits you with a +0 dagger. The hobgoblin barely misses you.
You shoot an arrow. The arrow hits Edmund!
Edmund is almost dead.
Duvessa closely misses you.
Edmund hits you with a +1 dire flail of draining.
You feel drained. The endoplasm closely misses you. You block Dowan's attack.
You block the hobgoblin's attack. Duvessa barely misses you.
You shoot an arrow. The arrow hits Edmund.
Edmund is almost dead.
You have got your breath back.
Duvessa hits you with a +1 rapier of venom.
Edmund hits you with a +1 dire flail of draining.
You feel drained. The endoplasm freezes you.
You are frozen.
The hobgoblin hits you but does no damage.
Dowan says, "Magic and the sword, together, will defeat you."
Dowan hits you with a +0 dagger.
2462 ||| READING scroll of teleportation.
As you read the scroll of teleportation, it crumbles to dust.
You feel strangely unstable.
Duvessa hits you with a +1 rapier of venom!
You die...

#......<.
#........
#........
#........
#........
#........
#Jg......
#@@J.....
#ee......
#........
#........
#<.......
#........
#........
#........
#........


You could see Edmund (poisoned), Duvessa (fast), Dowan, 2 endoplasms and a
hobgoblin.

Vanquished Creatures
  A hound (D:4)
  Jessica (D:2)
  Ijyb (D:3)
  4 gnolls (D:3)
  An adder (D:2)
  2 dart slugs (D:1)
  2 orcs (D:3)
  6 ball pythons
  9 bats
  6 endoplasms
  3 giant cockroaches
  7 goblins
  9 hobgoblins
  2 jackals (D:1)
  6 quokkas
  4 frilled lizards
  3 kobolds
  4 rats
71 creatures vanquished.

Notes
Turn   | Place    | Note
-------+----------+-------------------------------------------
     0 | D:1      | qw the Naga Hunter began the quest for the Orb.
     0 | D:1      | Reached XP level 1. HP: 19/19 MP: 1/1
     0 | D:1      | 0 ||| qw: Version: 0.2-a-122-gbc61b45
     0 | D:1      | 0 ||| qw: Game counter: 3364
     0 | D:1      | 0 ||| qw: Always use a shield: true
     0 | D:1      | 0 ||| qw: God list: Okawaru
     0 | D:1      | 0 ||| qw: Allow faded altars: false
     0 | D:1      | 0 ||| qw: Do Orc after D:15 true
     0 | D:1      | 0 ||| qw: Do second Lair branch before Depths: true
     0 | D:1      | 0 ||| qw: Lair rune preference: random
     0 | D:1      | 0 ||| qw: Plans: Normal
     0 | D:1      | 0 ||| PLANNING D:1-11
    68 | D:1      | 68 ||| INVOKING Spit Poison.
   108 | D:1      | 108 ||| INVOKING Spit Poison.
   110 | D:1      | Reached skill level 4 in Ranged Weapons
   110 | D:1      | Reached XP level 2. HP: 26/26 MP: 2/2
   142 | D:1      | 142 ||| INVOKING Spit Poison.
   151 | D:1      | 151 ||| INVOKING Spit Poison.
   157 | D:1      | 157 ||| INVOKING Spit Poison.
   176 | D:1      | 176 ||| INVOKING Spit Poison.
   211 | D:1      | 211 ||| INVOKING Spit Poison.
   240 | D:1      | 240 ||| INVOKING Spit Poison.
   286 | D:1      | 286 ||| INVOKING Spit Poison.
   300 | D:1      | 300 ||| INVOKING Spit Poison.
   307 | D:1      | 307 ||| INVOKING Spit Poison.
   326 | D:1      | 326 ||| INVOKING Spit Poison.
   331 | D:1      | 331 ||| INVOKING Spit Poison.
   437 | D:1      | 437 ||| INVOKING Spit Poison.
   485 | D:1      | 485 ||| INVOKING Spit Poison.
   486 | D:1      | Reached XP level 3. HP: 32/32 MP: 3/3
   492 | D:1      | 492 ||| INVOKING Spit Poison.
   526 | D:1      | 526 ||| INVOKING Spit Poison.
   529 | D:1      | 529 ||| INVOKING Spit Poison.
   679 | D:1      | 679 ||| INVOKING Spit Poison.
   754 | D:1      | 754 ||| INVOKING Spit Poison.
   759 | D:1      | 759 ||| INVOKING Spit Poison.
   763 | D:1      | 763 ||| INVOKING Spit Poison.
   777 | D:1      | 777 ||| INVOKING Spit Poison.
   820 | D:1      | 820 ||| UPGRADING to amulet of reflection.
   825 | D:1      | 825 ||| READING scroll labelled HIEGIA HUTOBU.
   826 | D:1      | 826 ||| READING scroll labelled ZYUMOI BEIHU.
   830 | D:1      | 830 ||| READING scroll labelled MESIDO KEAJOD.
   831 | D:1      | 831 ||| READING scroll labelled BONIEMU LAUKI.
   832 | D:1      | 832 ||| DRINKING 2 fuming amethyst potions.
   833 | D:1      | 833 ||| DROPPING scroll of butterflies.
   834 | D:1      | 834 ||| DROPPING potion of degeneration.
   909 | D:2      | Noticed Jessica
   910 | D:2      | 910 ||| INVOKING Spit Poison.
   914 | D:2      | 914 ||| INVOKING Spit Poison.
   917 | D:2      | Killed Jessica
   918 | D:2      | Reached skill level 5 in Ranged Weapons
   918 | D:2      | Reached XP level 4. HP: 12/39 MP: 4/4
  1033 | D:2      | 1033 ||| INVOKING Spit Poison.
  1034 | D:2      | 1034 ||| INVOKING Spit Poison.
  1050 | D:2      | 1050 ||| INVOKING Spit Poison.
  1053 | D:2      | 1053 ||| INVOKING Spit Poison.
  1106 | D:2      | 1106 ||| INVOKING Spit Poison.
  1108 | D:2      | Found a radiant altar of Vehumet.
  1122 | D:2      | 1122 ||| INVOKING Spit Poison.
  1183 | D:2      | 1183 ||| INVOKING Spit Poison.
  1195 | D:2      | 1195 ||| INVOKING Spit Poison.
  1199 | D:2      | 1199 ||| INVOKING Spit Poison.
  1233 | D:2      | 1233 ||| INVOKING Spit Poison.
  1320 | D:2      | 1320 ||| INVOKING Spit Poison.
  1359 | D:2      | 1359 ||| INVOKING Spit Poison.
  1364 | D:2      | 1364 ||| INVOKING Spit Poison.
  1398 | D:2      | 1398 ||| INVOKING Spit Poison.
  1517 | D:2      | 1517 ||| INVOKING Spit Poison.
  1542 | D:2      | 1542 ||| INVOKING Spit Poison.
  1567 | D:2      | 1567 ||| INVOKING Spit Poison.
  1570 | D:2      | 1570 ||| INVOKING Spit Poison.
  1705 | D:2      | 1705 ||| UPGRADING to +2 pair of gloves.
  1710 | D:2      | 1710 ||| READING scroll labelled XIODWETET.
  1711 | D:2      | 1711 ||| READING 2 scrolls of identify.
  1711 | D:2      | 1711 ||| IDENTIFYING murky white potion
  1763 | D:3      | 1763 ||| INVOKING Spit Poison.
  1764 | D:3      | 1764 ||| INVOKING Spit Poison.
  1767 | D:3      | 1767 ||| INVOKING Spit Poison.
  1770 | D:3      | Reached skill level 3 in Fighting
  1772 | D:3      | 1772 ||| INVOKING Spit Poison.
  1773 | D:3      | Reached XP level 5. HP: 44/49 MP: 5/5
  1778 | D:3      | 1778 ||| INVOKING Spit Poison.
  1783 | D:3      | 1783 ||| INVOKING Spit Poison.
  1808 | D:3      | 1808 ||| INVOKING Spit Poison.
  1888 | D:3      | Noticed Ijyb
  1898 | D:3      | 1898 ||| INVOKING Spit Poison.
  1903 | D:3      | 1903 ||| INVOKING Spit Poison.
  1917 | D:3      | 1917 ||| INVOKING Spit Poison.
  1918 | D:3      | Killed Ijyb
  2042 | D:3      | 2042 ||| INVOKING Spit Poison.
  2137 | D:3      | 2137 ||| INVOKING Spit Poison.
  2150 | D:3      | 2150 ||| INVOKING Spit Poison.
  2197 | D:3      | Identified the +0 leather armour of Itist {Str+2 Slay+2}
  2246 | D:3      | 2246 ||| INVOKING Spit Poison.
  2269 | D:3      | 2269 ||| INVOKING Spit Poison.
  2344 | D:3      | 2344 ||| INVOKING Spit Poison.
  2348 | D:3      | 2348 ||| INVOKING Spit Poison.
  2359 | D:3      | 2359 ||| INVOKING Spit Poison.
  2387 | D:3      | 2387 ||| UPGRADING to +0 leather armour of Itist {Str+2
                  | Slay+2}.
  2397 | D:3      | 2397 ||| DROPPING +0 leather armour.
  2398 | D:3      | 2398 ||| READING scroll labelled RAIFRI NEHUIC.
  2399 | D:3      | 2399 ||| READING scroll labelled DIUGEM QEVOKO.
  2400 | D:3      | 2400 ||| READING 3 scrolls of identify.
  2400 | D:3      | 2400 ||| IDENTIFYING coppery potion
  2401 | D:3      | 2401 ||| DROPPING potion of berserk rage.
  2439 | D:4      | 2439 ||| INVOKING Spit Poison.
  2447 | D:4      | Noticed Edmund
  2448 | D:4      | 2448 ||| INVOKING Spit Poison.
  2449 | D:4      | Noticed Duvessa
  2451 | D:4      | 2451 ||| INVOKING Spit Poison.
  2451 | D:4      | Noticed Dowan
  2454 | D:4      | 2454 ||| INVOKING Spit Poison.
  2457 | D:4      | 2457 ||| INVOKING Spit Poison.
  2461 | D:4      | HP: 10/45 [frozen (2)]
  2462 | D:4      | 2462 ||| READING scroll of teleportation.
  2462 | D:4      | Slain by Duvessa

Levels and vault maps discovered:
D:1:      minmay_arrival_wavy_path, layout_basic
D:2:      layout_basic, basic_altar, hex_intersection, uniq_jessica
D:3:      layout_rooms, uniq_ijyb
D:4:      layout_gridville, uniq_duvessa, uniq_edmund

Skill      XL: |  1  2  3  4 |
---------------+-------------+-----
Ranged Weapons | 4 5 |  5.9
Fighting       | 3 |  3.0
Dodging        | |  1.5
Stealth        | |  1.5

Action                     |  1- 3 |  4- 6 || total
---------------------------+-------+-------++-------
   Fire: Shortbow          |    63 |   103 ||   166
Ability: Spit Poison       |    25 |    39 ||    64
    Use: Scroll            |     4 |     6 ||    10
         Potion            |     1 |       ||     1
 Armour: Leather armour    |    14 |     9 ||    23
  Dodge: Dodged            |    18 |    30 ||    48
  Block: Other             |     1 |    18 ||    19

Table legend:
 A = Non-vault XP
 B = Vault XP
 C = Vault XP percentage of total XP
 D = Non-vault monster count
 E = Vault monster count
 F = Vault count percentage of total count
                 A         B        C        D         E       F
            +---------+---------+-------+---------+---------+-------
      Total |     224 |      73 |  24.6 |      69 |       2 |   2.8
            +---------+---------+-------+---------+---------+-------
        D:1 |      48 |       0 |   0.0 |      27 |       0 |   0.0
        D:2 |      46 |      37 |  44.6 |      21 |       1 |   4.5
        D:3 |      84 |      36 |  30.0 |      18 |       1 |   5.3
        D:4 |      46 |       0 |   0.0 |       3 |       0 |   0.0
            +---------+---------+-------+---------+---------+-------
